SAA
SAN BERNARDINO GRASSHOPPERS @ VIRGINIA BEACH DEUCES
07/01/2021
 
TOP OF THE 1ST
San Bernardino Grasshoppers batting - Pitching for Virginia Beach Deuces : LHP Benjamin Brouwer
Pitching: LHP Benjamin Brouwer
Batting: RHB Dale O'Sullivan 0-0: Foul Ball, location: 2F
0-1: Ball
1-1: Ball
2-1: Foul Ball, location: 2F
2-2: Fly out, F3 (Popup, 23F)
Batting: RHB Mark Field 0-0: Swinging Strike
0-1: Foul Ball, location: 2F
0-2: Ball
1-2: Foul Ball, location: 2F
1-2: Ball
2-2: Ball
3-2: Base on Balls
Batting: RHB Sergio Ortíz 0-0: Called Strike
0-1: Ball
1-1: Ball
2-1: Ball
3-1: SINGLE (Groundball, 4MD)
Mark Field to second
Batting: LHB Dave Harris 0-0: Called Strike
0-1: Foul Ball, location: 2F
0-2: Foul Ball, location: 2F
0-2: Ball
1-2: Foul Ball, location: 2F
1-2: Grounds into double play, 4-6-3 (Groundball, 4)
Top of the 1st over - 0 run(s), 1 hit(s), 0 error(s), 1 left on base; San Bernardino 0 - Virginia Beach 0
BOTTOM OF THE 1ST
Virginia Beach Deuces batting - Pitching for San Bernardino Grasshoppers : RHP Pablo Vargas
Pitching: RHP Pablo Vargas
Batting: RHB Javier Santos 0-0: Ball
1-0: Called Strike
1-1: Ball
2-1: Called Strike
2-2: Foul Ball, location: 2F
2-2: DOUBLE (Line Drive, 3L)
Batting: LHB Jay Carlson 0-0: Called Strike
0-1: Ball
1-1: Ball
2-1: Ball
3-1: Swinging Strike
3-2: Ground out 3-1 (Groundball, 34S)
Javier Santos to third
Batting: RHB Lorenzo Ramírez 0-0: Fly out, F4 (Popup, 34D)
Batting: LHB Salvadaro Meireles 0-0: Ball
1-0: Called Strike
1-1: Ball
2-1: Ball
3-1: Fly out, F4 (Line Drive, 4)
Bottom of the 1st over - 0 run(s), 1 hit(s), 0 error(s), 1 left on base; San Bernardino 0 - Virginia Beach 0
TOP OF THE 2ND
San Bernardino Grasshoppers batting - Pitching for Virginia Beach Deuces : LHP Benjamin Brouwer
Batting: RHB Arlen King 0-0: Foul Ball, location: 2F
0-1: Foul Ball, location: 2F
0-2: Ball
1-2: Foul Ball, location: 2F
1-2: Strikes out swinging
Batting: RHB Cal Robinson 0-0: Ball
1-0: Foul Ball, location: 2F
1-1: Fly out, F8 (Flyball, 78D)
Batting: RHB Frank Collins 0-0: Called Strike
0-1: Ball
1-1: Ball
2-1: Ball
3-1: Base on Balls
Batting: RHB Justin Roberts 0-0: Ball
1-0: Ball
2-0: Ball
3-0: Base on Balls
Frank Collins to second
Batting: SHB Troy Grant 0-0: Called Strike
0-1: Ball
1-1: Fly out, F9 (Flyball, 89M)
Top of the 2nd over - 0 run(s), 0 hit(s), 0 error(s), 2 left on base; San Bernardino 0 - Virginia Beach 0
BOTTOM OF THE 2ND
Virginia Beach Deuces batting - Pitching for San Bernardino Grasshoppers : RHP Pablo Vargas
Batting: SHB José Quintero 0-0: Called Strike
0-1: Ground out 4-3 (Groundball, 4)
Batting: RHB Luis Sáenz 0-0: Ball
1-0: Foul Ball, location: 2F
1-1: Ball
2-1: Fly out, F9 (Flyball, 9M)
Batting: SHB Mark Kennedy 0-0: Ball
1-0: Ball
2-0: Called Strike
2-1: Called Strike
2-2: Fly out, F7 (Line Drive, 7M)
Bottom of the 2nd over - 0 run(s), 0 hit(s), 0 error(s), 0 left on base; San Bernardino 0 - Virginia Beach 0
TOP OF THE 3RD
San Bernardino Grasshoppers batting - Pitching for Virginia Beach Deuces : LHP Benjamin Brouwer
Batting: RHB Dale O'Sullivan 0-0: Ball
1-0: Foul Ball, location: 2F
1-1: Foul Ball, location: 2F
1-2: Foul Ball, location: 2F
1-2: Foul Ball, location: 2F
1-2: Strikes out looking
Batting: RHB Mark Field 0-0: Ball
1-0: Foul Ball, location: 2F
1-1: Ball
2-1: Swinging Strike
2-2: Fly out, F8 (Flyball, 78M)
Batting: RHB Sergio Ortíz 0-0: SINGLE (Groundball, 34S)
Batting: LHB Dave Harris 0-0: Called Strike
0-1: Ball
1-1: Fielders Choice at 2nd, U6 (Groundball, 6M)
Top of the 3rd over - 0 run(s), 1 hit(s), 0 error(s), 1 left on base; San Bernardino 0 - Virginia Beach 0
BOTTOM OF THE 3RD
Virginia Beach Deuces batting - Pitching for San Bernardino Grasshoppers : RHP Pablo Vargas
Batting: RHB Gerald Sims 0-0: Called Strike
0-1: Foul Ball, location: 2F
0-2: Foul Ball, location: 2F
0-2: Ball
1-2: Ball
2-2: SINGLE (Line Drive, 8LS)
Batting: RHB Dana Akers 0-0: Called Strike
0-1: Foul Ball, location: 2F
0-2: Ball
1-2: Foul Ball, location: 2F
1-2: Strikes out swinging
Batting: RHB Javier Santos 0-0: Ball
1-0: Called Strike
1-1: Ball
2-1: Called Strike
2-2: Ball
3-2: Foul Ball, location: 2F
3-2: Foul Ball, location: 2F
3-2: Foul Ball, location: 2F
3-2: Base on Balls
Gerald Sims to second
Batting: LHB Jay Carlson 0-0: Ball
1-0: Foul Ball, location: 2F
1-1: Ball
2-1: Ball
3-1: Called Strike
3-2: Strikes out swinging
Batting: RHB Lorenzo Ramírez 0-0: Fly out, F6 (Popup, 56)
Bottom of the 3rd over - 0 run(s), 1 hit(s), 0 error(s), 2 left on base; San Bernardino 0 - Virginia Beach 0
TOP OF THE 4TH
San Bernardino Grasshoppers batting - Pitching for Virginia Beach Deuces : LHP Benjamin Brouwer
Batting: RHB Arlen King 0-0: Fly out, F6 (Popup, 5)
Batting: RHB Cal Robinson 0-0: Foul Ball, location: 2F
0-1: Ball
1-1: Ball
2-1: Ball
3-1: Swinging Strike
3-2: Base on Balls
Batting: RHB Frank Collins 0-0: Ball
1-0: Called Strike
1-1: SINGLE (Groundball, 5L)
Cal Robinson to second
Batting: RHB Justin Roberts 0-0: Ball
1-0: Foul Ball, location: 2F
1-1: Ball
2-1: Swinging Strike
2-2: Ball
3-2: SINGLE (Line Drive, 6)
Cal Robinson to third
Frank Collins to second
Batting: SHB Troy Grant 0-0: DOUBLE (Flyball, 9LD)
Cal Robinson scores
Frank Collins scores
Justin Roberts to third
Batting: RHB Dale O'Sullivan 0-0: Ball
1-0: Ball
2-0: Ball
3-0: Base on Balls
Batting: RHB Mark Field 0-0: Ball
1-0: Swinging Strike
1-1: Swinging Strike
1-2: Ball
2-2: Strikes out swinging
Batting: RHB Sergio Ortíz 0-0: SINGLE (Groundball, 56D)
Justin Roberts scores
Troy Grant to third
Dale O'Sullivan to second
Runner from 3rd tries for Home, SAFE, no throw or cutoff
Batting: LHB Dave Harris 0-0: Ball
1-0: Ball
2-0: Ball
3-0: Called Strike
3-1: Base on Balls
Dale O'Sullivan to third
Sergio Ortíz to second
Batting: RHB Arlen King 0-0: Called Strike
0-1: Ball
1-1: Swinging Strike
1-2: Fly out, F8 (Popup, 4MD)
Top of the 4th over - 4 run(s), 4 hit(s), 0 error(s), 3 left on base; San Bernardino 4 - Virginia Beach 0
BOTTOM OF THE 4TH
Virginia Beach Deuces batting - Pitching for San Bernardino Grasshoppers : RHP Pablo Vargas
Batting: LHB Salvadaro Meireles 0-0: SINGLE (Groundball, 4MD)
Batting: SHB José Quintero 0-0: Grounds into double play, 6-4-3 (Groundball, 6)
Batting: RHB Luis Sáenz 0-0: Swinging Strike
0-1: Ground out 4-3 (Groundball, 4)
Bottom of the 4th over - 0 run(s), 1 hit(s), 0 error(s), 0 left on base; San Bernardino 4 - Virginia Beach 0
TOP OF THE 5TH
San Bernardino Grasshoppers batting - Pitching for Virginia Beach Deuces : LHP Benjamin Brouwer
Batting: RHB Cal Robinson 0-0: Ball
1-0: Foul Ball, location: 2F
1-1: Ball
2-1: Ball
3-1: Base on Balls
Batting: RHB Frank Collins 0-0: Bunt missed!
0-1: Bunt - Flyout! F1
Batting: RHB Justin Roberts 0-0: Called Strike
0-1: Ball
1-1: Ball
2-1: Ball
3-1: Base on Balls
Cal Robinson to second
Batting: SHB Troy Grant 0-0: Called Strike
0-1: Ball
1-1: Foul Ball, location: 2F
1-2: Foul Ball, location: 2F
1-2: Foul Ball, location: 2F
1-2: DOUBLE (Flyball, 78M)
Cal Robinson scores
Justin Roberts to third
Runner from 3rd tries for Home, throw and OUT!
Runner from 2nd tries for 3rd, throw and OUT! Double Play!
Top of the 5th over - 1 run(s), 1 hit(s), 0 error(s), 0 left on base; San Bernardino 5 - Virginia Beach 0
BOTTOM OF THE 5TH
Virginia Beach Deuces batting - Pitching for San Bernardino Grasshoppers : RHP Pablo Vargas
Batting: SHB Mark Kennedy 0-0: Ball
1-0: Foul Ball, location: 2F
1-1: Ball
2-1: Ball
3-1: Foul Ball, location: 2F
3-2: Foul Ball, location: 2F
3-2: Foul Ball, location: 2F
3-2: Base on Balls
Batting: RHB Gerald Sims 0-0: Ball
1-0: SINGLE (Line Drive, 3D)
Mark Kennedy to second
Batting: RHB Dana Akers 0-0: Called Strike
0-1: Fielders Choice at 2nd, 6-4 (Groundball, 6M)
Mark Kennedy to third
Batting: RHB Javier Santos 0-0: Ball
Dana Akers steals 2nd base
1-0: TRIPLE (Line Drive, 89M)
Mark Kennedy scores
Dana Akers scores
Batting: LHB Jay Carlson 0-0: Ball
1-0: Foul Ball, location: 2F
1-1: Foul Ball, location: 2F
1-2: Ball
2-2: Foul Ball, location: 2F
2-2: Fly out, F6 (Popup, 6M)
Batting: RHB Lorenzo Ramírez 0-0: Ball
1-0: Ball
2-0: Ball
3-0: Called Strike
3-1: Called Strike
3-2: Foul Ball, location: 2F
3-2: Foul Ball, location: 2F
3-2: SINGLE (Flyball, 7LS)
Javier Santos scores
Batting: LHB Salvadaro Meireles 0-0: Ball
1-0: Called Strike
1-1: Ground out 1-3 (Groundball, 15S)
Bottom of the 5th over - 3 run(s), 3 hit(s), 0 error(s), 1 left on base; San Bernardino 5 - Virginia Beach 3
TOP OF THE 6TH
San Bernardino Grasshoppers batting - Pitching for Virginia Beach Deuces : LHP Benjamin Brouwer
Batting: RHB Dale O'Sullivan 0-0: Ball
1-0: Swinging Strike
1-1: Ball
2-1: Ball
3-1: Foul Ball, location: 2F
3-2: Strikes out swinging
Batting: RHB Mark Field 0-0: Ground out 4-3 (Groundball, 4)
Batting: RHB Sergio Ortíz 0-0: Ball
1-0: Called Strike
1-1: Swinging Strike
1-2: Strikes out swinging
Top of the 6th over - 0 run(s), 0 hit(s), 0 error(s), 0 left on base; San Bernardino 5 - Virginia Beach 3
BOTTOM OF THE 6TH
Virginia Beach Deuces batting - Pitching for San Bernardino Grasshoppers : RHP Pablo Vargas
Batting: SHB José Quintero 0-0: Called Strike
0-1: Ball
1-1: Ball
2-1: Foul Ball, location: 2F
2-2: Ball
3-2: Ground out 6-3 (Groundball, 6)
Batting: RHB Luis Sáenz 0-0: Foul Ball, location: 2F
0-1: Fly out, F7 (Flyball, 7LM)
Batting: SHB Mark Kennedy 0-0: Ball
1-0: Ball
2-0: Ball
3-0: Base on Balls
Batting: RHB Gerald Sims 0-0: Called Strike
0-1: Ball
Wild Pitch!
Mark Kennedy to second
1-1: Foul Ball, location: 2F
1-2: Strikes out swinging
Bottom of the 6th over - 0 run(s), 0 hit(s), 0 error(s), 1 left on base; San Bernardino 5 - Virginia Beach 3
TOP OF THE 7TH
San Bernardino Grasshoppers batting - Pitching for Virginia Beach Deuces : LHP Benjamin Brouwer
Batting: LHB Dave Harris 0-0: Called Strike
0-1: Swinging Strike
0-2: Ball
1-2: Ball
2-2: Strikes out looking
Batting: RHB Arlen King 0-0: Ball
1-0: Foul Ball, location: 2F
1-1: Ball
2-1: Ball
3-1: Swinging Strike
3-2: Strikes out looking
Batting: RHB Cal Robinson 0-0: Foul Ball, location: 2F
0-1: Ball
1-1: Called Strike
1-2: Foul Ball, location: 2F
1-2: Foul Ball, location: 2F
1-2: Ball
2-2: Ball
3-2: SINGLE (Line Drive, 9LS)
Pitching: LHP Rod Payton
Batting: RHB Frank Collins 0-0: Called Strike
Cal Robinson steals 2nd base
0-1: Swinging Strike
0-2: Ball
1-2: Ball
2-2: Fly out, F7 (Line Drive, 7M)
Top of the 7th over - 0 run(s), 1 hit(s), 0 error(s), 1 left on base; San Bernardino 5 - Virginia Beach 3
BOTTOM OF THE 7TH
Virginia Beach Deuces batting - Pitching for San Bernardino Grasshoppers : RHP Pablo Vargas
Batting: RHB Dana Akers 0-0: Called Strike
0-1: Ground out 4-3 (Groundball, 4)
Batting: RHB Javier Santos 0-0: Called Strike
0-1: Ball
1-1: Ball
2-1: Ball
3-1: Base on Balls
Batting: LHB Jay Carlson 0-0: Ball
Javier Santos is caught stealing 2nd base
1-0: Foul Ball, location: 2F
1-1: Foul Ball, location: 2F
1-2: Fly out, F4 (Popup, 4)
Bottom of the 7th over - 0 run(s), 0 hit(s), 0 error(s), 0 left on base; San Bernardino 5 - Virginia Beach 3
TOP OF THE 8TH
San Bernardino Grasshoppers batting - Pitching for Virginia Beach Deuces : LHP Rod Payton
Batting: RHB Justin Roberts 0-0: Ball
1-0: Foul Ball, location: 2F
1-1: Ball
2-1: Ball
3-1: Foul Ball, location: 2F
3-2: Base on Balls
Batting: SHB Troy Grant 0-0: Sac Bunt - play at first, batter OUT! 1-3
Justin Roberts to second
Batting: RHB Dale O'Sullivan 0-0: Ball
1-0: Called Strike
1-1: Ball
2-1: Ball
3-1: Ground out 6-3 (Groundball, 6M)
Justin Roberts to third
Batting: RHB Mark Field 0-0: Fly out, F1 (Popup, 15S)
Top of the 8th over - 0 run(s), 0 hit(s), 0 error(s), 1 left on base; San Bernardino 5 - Virginia Beach 3
BOTTOM OF THE 8TH
Virginia Beach Deuces batting - Pitching for San Bernardino Grasshoppers : RHP Pablo Vargas
Now at SS: Fernando Díaz
Batting: RHB Lorenzo Ramírez 0-0: Ball
1-0: Ball
2-0: Ball
3-0: Called Strike
3-1: Foul Ball, location: 2F
3-2: Base on Balls
Batting: LHB Salvadaro Meireles 0-0: Called Strike
0-1: Ball
1-1: Ball
2-1: Foul Ball, location: 2F
2-2: Foul Ball, location: 2F
2-2: Ball
3-2: Base on Balls
Lorenzo Ramírez to second
Pitching: RHP Jim Unknown
Batting: SHB José Quintero 0-0: Ball
1-0: Called Strike
1-1: DOUBLE (Line Drive, 7LM)
Lorenzo Ramírez scores
Salvadaro Meireles to third
Batting: RHB Luis Sáenz 0-0: Ball
1-0: Called Strike
1-1: Called Strike
1-2: Ball
Wild Pitch!
Salvadaro Meireles scores
José Quintero to third
2-2: Strikes out swinging
Batting: SHB Mark Kennedy 0-0: Called Strike
0-1: Called Strike
0-2: Ball
1-2: Fly out, F6 (Popup, 6D)
Pinch Hitting: LHB Jim Unknown 0-0: Ball
1-0: Ball
2-0: Called Strike
2-1: Called Strike
2-2: Ball
3-2: Base on Balls
Pinch Hitting: RHB Jim Unknown 0-0: Called Strike
0-1: Ball
1-1: Fly out, F9 (Flyball, 89M)
Bottom of the 8th over - 2 run(s), 1 hit(s), 0 error(s), 2 left on base; San Bernardino 5 - Virginia Beach 5
TOP OF THE 9TH
San Bernardino Grasshoppers batting - Pitching for Virginia Beach Deuces : LHP Rod Payton
Pitching: RHP Cam Herman
Now at 2B: Jim Unknown
Now at 3B: Jim Unknown
Batting: RHB Sergio Ortíz 0-0: Ball
1-0: SINGLE (Line Drive, 34D)
Batting: LHB Dave Harris 0-0: Ball
1-0: Ball
2-0: Fly out, F8 (Flyball, 78M)
Batting: RHB Arlen King 0-0: Called Strike
0-1: Called Strike
0-2: Strikes out looking
Batting: RHB Cal Robinson 0-0: Foul Ball, location: 2F
0-1: DOUBLE (Line Drive, 9LM)
Sergio Ortíz to third
Pinch Hitting: RHB Bryan Armstrong 0-0: Ball
1-0: Ball
2-0: Ball
3-0: Base on Balls
Pinch Hitting: RHB Alfonso Enríquez 0-0: Ground out 6-3 (Groundball, 56)
Top of the 9th over - 0 run(s), 2 hit(s), 0 error(s), 3 left on base; San Bernardino 5 - Virginia Beach 5
BOTTOM OF THE 9TH
Virginia Beach Deuces batting - Pitching for San Bernardino Grasshoppers : RHP Jim Unknown
Now at C: Pepe Méndez
Now in LF: Bryan Armstrong
Batting: RHB Javier Santos 0-0: Ball
1-0: Ball
2-0: Fly out, F9 (Line Drive, 9S)
Batting: LHB Jay Carlson 0-0: Called Strike
0-1: Called Strike
0-2: Fly out, F9 (Flyball, 9M)
Batting: RHB Lorenzo Ramírez 0-0: Called Strike
0-1: Foul Ball, location: 2F
0-2: Fly out, F9 (Flyball, 9LMF)
Bottom of the 9th over - 0 run(s), 0 hit(s), 0 error(s), 0 left on base; San Bernardino 5 - Virginia Beach 5
TOP OF THE 10TH
San Bernardino Grasshoppers batting - Pitching for Virginia Beach Deuces : RHP Cam Herman
Pinch Hitting: LHB Roberto Marino 0-0: Ball
1-0: Called Strike
1-1: Swinging Strike
1-2: Foul Ball, location: 2F
1-2: Strikes out swinging
Batting: RHB Dale O'Sullivan 0-0: Ball
1-0: Swinging Strike
1-1: Ball
2-1: Ball
3-1: Base on Balls
Batting: RHB Mark Field 0-0: Ball
Dale O'Sullivan steals 2nd base
1-0: Ball
2-0: Called Strike
2-1: Ball
3-1: Swinging Strike
3-2: Fly out, F8 (Flyball, 8LM)
Batting: RHB Sergio Ortíz 0-0: Called Strike
0-1: Ball
1-1: Ball
2-1: Foul Ball, location: 2F
2-2: Foul Ball, location: 2F
2-2: Ball
Wild Pitch!
Dale O'Sullivan to third
3-2: Fly out, F4 (Line Drive, 4)
Top of the 10th over - 0 run(s), 0 hit(s), 0 error(s), 1 left on base; San Bernardino 5 - Virginia Beach 5
BOTTOM OF THE 10TH
Virginia Beach Deuces batting - Pitching for San Bernardino Grasshoppers : RHP Jim Unknown
Pitching: RHP Steven Jones
Now at SS: Cecil Cole
Batting: LHB Salvadaro Meireles 0-0: Ball
1-0: Foul Ball, location: 2F
1-1: Ball
2-1: Ground out 4-3 (Groundball, 34)
Batting: SHB José Quintero 0-0: Ball
1-0: Ball
2-0: Ball
3-0: Called Strike
3-1: Fly out, F7 (Flyball, 7M)
Batting: RHB Luis Sáenz 0-0: Foul Ball, location: 2F
0-1: Fly out, F8 (Line Drive, 8LS)
Bottom of the 10th over - 0 run(s), 0 hit(s), 0 error(s), 0 left on base; San Bernardino 5 - Virginia Beach 5
TOP OF THE 11TH
San Bernardino Grasshoppers batting - Pitching for Virginia Beach Deuces : RHP Cam Herman
Pitching: LHP José Carrasco
Pinch Hitting: RHB Andrew Floyd 0-0: Called Strike
0-1: Ball
1-1: Fly out, F4 (Popup, 3D)
Batting: RHB Arlen King 0-0: Foul Ball, location: 2F
0-1: Fly out, F7 (Flyball, 78M)
Batting: RHB Cal Robinson 0-0: Ball
1-0: Ball
2-0: Called Strike
2-1: Ground out 5-3 (Groundball, 56)
Top of the 11th over - 0 run(s), 0 hit(s), 0 error(s), 0 left on base; San Bernardino 5 - Virginia Beach 5
BOTTOM OF THE 11TH
Virginia Beach Deuces batting - Pitching for San Bernardino Grasshoppers : RHP Steven Jones
Now in RF: Andrew Floyd
Batting: SHB Mark Kennedy 0-0: Ball
1-0: Foul Ball, location: 2F
1-1: Ground out 3-1 (Groundball, 34)
Batting: RHB Jim Unknown 0-0: Called Strike
0-1: Ball
1-1: Foul Ball, location: 2F
1-2: Ball
2-2: Strikes out looking
Batting: RHB Jim Unknown 0-0: Ball
1-0: Fly out, F7 (Line Drive, 78S)
Bottom of the 11th over - 0 run(s), 0 hit(s), 0 error(s), 0 left on base; San Bernardino 5 - Virginia Beach 5
TOP OF THE 12TH
San Bernardino Grasshoppers batting - Pitching for Virginia Beach Deuces : LHP José Carrasco
Batting: RHB Bryan Armstrong 0-0: Swinging Strike
0-1: Ball
1-1: Ball
2-1: Ball
3-1: SINGLE (Flyball, 78S)
Batting: RHB Pepe Méndez 0-0: Bunt missed!
0-1: Ball
1-1: Reached on error, E1 (Groundball, 15S)
Bryan Armstrong to second
Batting: RHB Cecil Cole 0-0: Sac Bunt - play at first, batter OUT! 5-4
Bryan Armstrong to third
Pepe Méndez to second
Batting: RHB Dale O'Sullivan 0-0: Ball
1-0: Swinging Strike
1-1: Foul Ball, location: 2F
1-2: Ball
2-2: Ground out 6-3 (Groundball, 6MS)
Batting: RHB Mark Field 0-0: Fly out, F5 (Popup, 15)
Top of the 12th over - 0 run(s), 1 hit(s), 1 error(s), 2 left on base; San Bernardino 5 - Virginia Beach 5
BOTTOM OF THE 12TH
Virginia Beach Deuces batting - Pitching for San Bernardino Grasshoppers : RHP Steven Jones
Pitching: RHP Jim Unknown
Batting: RHB Javier Santos 0-0: Called Strike
0-1: Fly out, F8 (Flyball, 8RM)
Batting: LHB Jay Carlson 0-0: Foul Ball, location: 2F
0-1: SINGLE (Line Drive, 6M)
Batting: RHB Lorenzo Ramírez 0-0: Called Strike
Jay Carlson is caught stealing 2nd base
0-1: Ball
1-1: SINGLE (Groundball, 4M)
Batting: LHB Salvadaro Meireles 0-0: Fly out, F9 (Line Drive, 89M)
Bottom of the 12th over - 0 run(s), 2 hit(s), 0 error(s), 1 left on base; San Bernardino 5 - Virginia Beach 5
TOP OF THE 13TH
San Bernardino Grasshoppers batting - Pitching for Virginia Beach Deuces : LHP José Carrasco
Batting: RHB Sergio Ortíz 0-0: Called Strike
0-1: Foul Ball, location: 2F
0-2: Ball
1-2: Strikes out looking
Batting: RHB Andrew Floyd 0-0: Called Strike
0-1: Ball
1-1: Swinging Strike
1-2: Foul Ball, location: 2F
1-2: Strikes out swinging
Batting: RHB Arlen King 0-0: Ball
1-0: Called Strike
1-1: Fly out, F9 (Flyball, 9M)
Top of the 13th over - 0 run(s), 0 hit(s), 0 error(s), 0 left on base; San Bernardino 5 - Virginia Beach 5
BOTTOM OF THE 13TH
Virginia Beach Deuces batting - Pitching for San Bernardino Grasshoppers : RHP Jim Unknown
Batting: SHB José Quintero 0-0: Swinging Strike
0-1: SINGLE (Line Drive, 34D)
Batting: RHB Luis Sáenz 0-0: Ball
1-0: Sac Bunt - play at first, batter OUT! U3
José Quintero to second
Batting: SHB Mark Kennedy 0-0: Swinging Strike
0-1: Ball
1-1: Ball
2-1: Ball
3-1: Fly out, F8 (Flyball, 8LD)
Runner from 2nd tags up, SAFE at 3rd, no throw
Batting: RHB Jim Unknown 0-0: Ball
1-0: Ball
2-0: Called Strike
2-1: Foul Ball, location: 2F
2-2: Fly out, F7 (Flyball, 7S)
Bottom of the 13th over - 0 run(s), 1 hit(s), 0 error(s), 1 left on base; San Bernardino 5 - Virginia Beach 5
TOP OF THE 14TH
San Bernardino Grasshoppers batting - Pitching for Virginia Beach Deuces : LHP José Carrasco
Batting: RHB Cal Robinson 0-0: Swinging Strike
0-1: Called Strike
0-2: Ball
1-2: Fly out, F2 (Popup, 25F)
Pitching: RHP Martin Benthall
Batting: RHB Bryan Armstrong 0-0: Swinging Strike
0-1: Reached on error, E5 (Groundball, 56S)
Pinch Hitting: LHB Lonnie Austin 0-0: Intentional Walk
Pinch Hitting: SHB Bernardo Hernández 0-0: Called Strike
0-1: Ball
1-1: Ball
2-1: Swinging Strike
2-2: Foul Ball, location: 2F
2-2: Ball
3-2: Foul Ball, location: 2F
3-2: Fielders Choice at 2nd, 6-4 (Groundball, 6M)
Bryan Armstrong to third
Batting: RHB Dale O'Sullivan 0-0: DOUBLE (Line Drive, 7M)
Bryan Armstrong scores
Bernardo Hernández to third
Runner from 3rd tries for Home, SAFE, no throw or cutoff
Batting: RHB Mark Field 0-0: Ball
1-0: Foul Ball, location: 2F
1-1: Called Strike
1-2: Ball
2-2: Ball
3-2: SINGLE (Line Drive, 6MD)
Dale O'Sullivan to third
Dale O'Sullivan scores
Pitching: LHP Víctor Padilla
Batting: RHB Sergio Ortíz 0-0: Called Strike
0-1: Swinging Strike
0-2: Strikes out swinging
Top of the 14th over - 3 run(s), 2 hit(s), 1 error(s), 1 left on base; San Bernardino 8 - Virginia Beach 5
BOTTOM OF THE 14TH
Virginia Beach Deuces batting - Pitching for San Bernardino Grasshoppers : RHP Jim Unknown
Now at C: Carlos Meléndez
Now at SS: Bernardo Hernández
Batting: RHB Jim Unknown 0-0: Ball
1-0: Ball
2-0: Swinging Strike
2-1: Called Strike
2-2: Ball
3-2: Strikes out swinging
Batting: RHB Javier Santos 0-0: Ball
1-0: Ball
2-0: Foul Ball, location: 2F
2-1: Ball
3-1: Called Strike
3-2: Strikes out swinging
Batting: LHB Jay Carlson 0-0: Ball
1-0: Called Strike
1-1: Ball
2-1: Fly out, F4 (Popup, 4D)
Bottom of the 14th over - 0 run(s), 0 hit(s), 0 error(s), 0 left on base; San Bernardino 8 - Virginia Beach 5
This league is powered by Out of the Park Baseball, the baseball management simulation game for PC, Mac and Linux
Friday, January 22nd, 2016 - OOTP Baseball 16.9 Build 39